AoeStats
← |GaoeG| flamingo

Fortress

510163075Analyzed
4v4 RM · 23h ago on Sep 29, 2026· 8m 28s· 8 players
Game mode
Random Map
Map size
Huge
Population
200
Speed
Normal
Resources
Standard
Victory
Conquest
Starting age
Dark Age
Ending age
Imperial Age
RankedLock teamsTeams togetherTeam positionsShared explorationLock speedFull tech treeHidden civsTurbo modeCheats
Victory
Defeat
🇪🇸 Burgundians · Spain
1432
+9
🇪🇸 Burmese · Spain
1354
+11
🇪🇸 Khmer · Spain
1350
+12
🇪🇸 Franks · Spain
926
+28
🇨🇱 Danes · Chile
1333
-18
🇩🇪 Italians · Germany
1283
-17
🇯🇴 Wu · Jordan
1190
-13
🇨🇦 Celts · Canada
1171
-12
|GaoeG| flamingo
8:01 Feudal Age
Skofilus
3:53 Double-Bit Axe
4:30 Horse Collar
9:47 Feudal Age
|GaoeG| Tifus
8:45 Feudal Age
claran33
9:04 Feudal Age
Mancodios
3:15 Loom
7:02 Feudal Age
Sir_FatLion
7:53 Feudal Age
Birkules
1:46 Loom
6:30 Feudal Age
ThunderSlaps
Connection lost

Rejoining the realm…

Still unreachable

The connection could not be restored.

Session expired

The server has moved on; the page needs a fresh start.